 Dungeon Crawl Stone Soup version 0.27.1-3-gb3d3a73c9e (webtiles) character file.

Game seed: 113376093262179462

25 Trumpetguy the Conjurer (level 2, -4/15 HPs)
             Began as a Deep Elf Conjurer on Oct 6, 2021.
             Slain by Natasha (7 damage)
             ... on level 2 of the Dungeon.
             The game lasted 00:04:52 (1302 turns).

Trumpetguy the Conjurer (Deep Elf Conjurer)         Turns: 1302, Time: 00:04:55

Health: -4/15      AC:  2    Str:  4    XL:     2   Next: 86%
Magic:  5/8        EV: 12    Int: 22    God:
Gold:   0          SH:  0    Dex: 13    Spells: 6/7 levels left

rFire    . . .     SeeInvis .   (no weapon)
rCold    . . .     Faith    .   (no shield)
rNeg     + . .     Spirit   .   a - +0 robe
rPois    .         Reflect  .   (no helmet)
rElec    .         Harm     .   (no cloak)
rCorr    .         Rampage  .   (no gloves)
Will     .....                  (no boots)
Stlth    ++........             (no amulet)
HPRegen  0.05/turn              g - ring of positive energy
MPRegen  0.11/turn              (no ring)

@: slowed, very slow
A: no striking features
a: no special abilities


You were on level 2 of the Dungeon.
You visited 1 branch of the dungeon, and saw 2 of its levels.

Inventory:

Missiles
 e - 8 curare-tipped darts
Armour
 a - a +0 robe (worn)
Jewellery
 g - a ring of positive energy (left hand)
Scrolls
 c - a scroll of brand weapon {unknown}
 d - a scroll of teleportation {unknown}
 h - a scroll of identify {unknown}
Potions
 b - a potion of berserk rage {unknown}
 f - a potion of invisibility {unknown}


   Skills:
 * Level 2.7 Dodging
 * Level 2.8 Stealth
 - Level 3.0 Spellcasting
 + Level 5.1 Conjurations


You had 6 spell levels left.
You knew the following spells:

 Your Spells              Type           Power      Damage    Failure   Level
a - Magic Dart            Conj           100%       1d8       1%          1

Your spell library contained the following spells:

 Spells                   Type           Power      Damage    Failure   Level
 Searing Ray              Conj           50%        3d5       2%          2
 Dazzling Flash           Conj/Hex       28%        N/A       13%         3
 Fulminant Prism          Conj/Hex       7%         3d7       41%         4
 Iskenderun's Mystic Bla  Conj/Tloc      14%        2d5       41%         4


Dungeon Overview and Level Annotations

Branches:
Dungeon (2/15)

Altars:
Nemelex Xobeh

Annotations:
D:2 Natasha


Message History

Natasha casts a spell at you. You resist with significant effort.
The magic dart hits Natasha.
Natasha is almost dead.
Natasha casts a spell at you. The magic dart hits you.
The magic dart hits Natasha but does no damage.
Natasha is severely wounded.
You miscast Magic Dart.
You are very lightly contaminated with residual magic.
Nothing appears to happen.
Natasha casts a spell.
Natasha casts a spell.
Your magical contamination has completely faded away.
Natasha casts a spell at you. The magic dart hits you.
The crimson imp blinks!
You see here a worm corpse.
Found a club.
Natasha stares at you and mumbles some strange words.
You feel yourself slow down.
A goblin comes into view. It is wielding a +0 dagger.
The goblin shouts!
Natasha casts a spell.
Found a leather armour.
Natasha mumbles some strange words.
The goblin barely misses you. The goblin barely misses you.
The crimson imp shouts!
The goblin hits you with a +0 dagger.
* * * LOW HITPOINT WARNING * * *
Natasha misses you.
A hobgoblin comes into view.
Natasha wildly gestures.
You feel troubled.
The crimson imp disappears for a moment.
The goblin hits you with a +0 dagger.
* * * LOW HITPOINT WARNING * * *
Natasha claws you!
You die...

. #........g.# .
###..........#
..##............#
..##..5...5.....#
.....#.#.###...## ##
.......#..##...## ..#
......###.#.....##..#
...5h####.#.#.#gh...##
.....†........5.@....#
?.............####...##
................##....#
...)........(....#....#
#...#........#.#.#.>..#
#...#####..........##.#
##
#...#####.......#.###.#
.#
....##...§..._.....##.#
.#
....##..............#.#
>#


You could see an iron imp (summoned), Natasha, a crimson imp (summoned) and a
goblin.

Vanquished Creatures
  A worm (D:2)
  A dart slug (D:2)
  3 bats
  An endoplasm (D:1)
  A giant cockroach (D:1)
  3 goblins
  A hobgoblin (D:1)
  3 kobolds
  A frilled lizard (D:1)
  3 rats (D:1)
18 creatures vanquished.

Vanquished Creatures (others)
  A plant (D:1)
1 creature vanquished.

Grand Total: 19 creatures vanquished

Notes
Turn   | Place    | Note
-------+----------+-------------------------------------------
     0 | D:1      | Trumpetguy the Deep Elf Conjurer began the quest for the
                  | Orb.
     0 | D:1      | Reached XP level 1. HP: 10/10 MP: 6/6
   399 | D:1      | Reached XP level 2. HP: 15/15 MP: 4/8
  1066 | D:2      | Found a sparkling altar of Nemelex Xobeh.
  1115 | D:2      | Reached skill level 5 in Conjurations
  1259 | D:2      | Noticed Natasha
  1270 | D:2      | Noticed a crimson imp
  1274 | D:2      | Noticed a crimson imp
  1299 | D:2      | Noticed a crimson imp
  1302 | D:2      | Slain by Natasha

Illustrated notes

Levels and vault maps discovered:
D:1:      kennysheep_arrival_seaside, layout_basic, minmay_door_square,
          minmay_misc_feat_secret_circle
D:2:      layout_rooms, basic_altar, shapermc_ecumenical_altar_hornbeckon,
          uniq_natasha

Skill      XL: |  1  2 |
---------------+-------+-----
Conjurations   | 5 |  5.1
Dodging        | |  2.7
Stealth        | |  2.8
Spellcasting   | |  3.0

Action                   || total
-------------------------++-------
Melee: Unarmed           ||     2
 Cast: Magic Dart        ||    39
Dodge: Dodged            ||     6
